 Dungeon Crawl Stone Soup version 0.22-a0-76-gd698a02 (webtiles) character file.

128 shenanigans the Skirmisher (level 5, 0/43 HPs)
             Began as a Barachi Monk on Jan 13, 2018.
             Slain by djehuti's ghost (3 damage)
             ... on level 3 of the Dungeon.
             The game lasted 00:04:14 (2795 turns).

shenanigans the Skirmisher (Barachi Monk)           Turns: 2795, Time: 00:04:14

Health: 0/43       AC:  7    Str: 12    XL:     5   Next: 12%
Magic:  5/5        EV: 10    Int: 11    God:
Gold:   72         SH:  0    Dex: 15    Spells: 4/4 levels left

rFire    . . .     SeeInvis .   j - +0 war axe
rCold    . . .     Gourm    .   (no shield)
rNeg     . . .     Faith    .   f - +0 scale mail
rPois    +         Spirit   .   (no helmet)
rElec    .         Reflect  .   o - +0 cloak
rCorr    .         Harm     .   (no gloves)
MR       .....                  (no boots)
Stlth    ..........             (no amulet)
HPRegen  0.14/turn              e - ring of poison resistance
MPRegen  0.09/turn              (no ring)

@: heavily drained, slow
A: +LOS, swims, slowness 1, strong legs 1
a: Hop


You were on level 3 of the Dungeon.
You were very hungry.

You visited 1 branch of the dungeon, and saw 3 of its levels.

You collected 72 gold pieces.

Inventory:

Hand Weapons
 a - a +0 hand axe
 j - a +0 war axe (weapon)
Armour
 b - a +0 robe
 f - a +0 scale mail (worn)
 o - a +0 cloak (worn)
Jewellery
 e - a ring of poison resistance (left hand)
Wands
 l - a wand of enslavement (9)
Scrolls
 d - 4 scrolls of enchant armour {unknown}
 g - 2 scrolls of amnesia {unknown}
 i - 5 scrolls of identify {unknown}
 k - a scroll of blinking {unknown}
 m - 2 scrolls of teleportation {unknown}
 n - a scroll of noise {unknown}
Potions
 h - 4 potions of brilliance {unknown}
Comestibles
 c - 6 rations


   Skills:
 + Level 4.6(3.3) Fighting
 + Level 4.2(3.0) Axes
 + Level 2.5(1.3) Armour
 + Level 4.2(3.0) Dodging
 - Level 1.7(0.6) Stealth


You had 4 spell levels left.
You didn't know any spells.

Dungeon Overview and Level Annotations

Branches:
Dungeon (3/15)

Altars:

Annotations:
D:3 djehuti's ghost, amateur HOMo


Innate Abilities, Weirdness & Mutations

Shadows flee at your approach. (+LOS)
You can swim through water.
You cover ground slowly.
You can hop short distances.


Message History

Unknown command.
There is a stone staircase leading down here.
You slash djehuti's ghost!
Djehuti's ghost is moderately damaged.
Djehuti's ghost hits you.
You feel drained.
You slash djehuti's ghost!
Djehuti's ghost is moderately damaged.
You are feeling very hungry.
Djehuti's ghost closely misses you. Djehuti's ghost misses you.
You closely miss djehuti's ghost.
Djehuti's ghost is moderately damaged.
Djehuti's ghost hits you.
You feel drained.
You hit djehuti's ghost.
Djehuti's ghost is heavily damaged.
Djehuti's ghost hits you!
You feel drained.
* * * LOW HITPOINT WARNING * * *
Djehuti's ghost hits you.
* * * LOW HITPOINT WARNING * * *
You feel drained.
You die...

..# ..# #.# # ... #.
#.####### ###.#####
#W##.... ......[#
##.##..## #.....#
##..##.#.########......
#....W@................
#...##.##.................
##. #.##..##########....#
#.###....................
#..............)......#.#
######################.##
###


You could see djehuti's ghost.

Vanquished Creatures
  A gnoll (D:1)
  3 adders
  An ooze (D:1)
  3 worms
  4 dart slugs
  A leopard gecko (D:2)
  5 orcs
  3 giant cockroaches
  4 goblins
  5 hobgoblins
  4 jackals (D:1)
  7 kobolds
  2 ball pythons (D:2)
  8 bats
  7 frilled lizards
  7 rats
65 creatures vanquished.

Notes
Turn   | Place    | Note
-------+----------+-------------------------------------------
     0 | D:1      | shenanigans the Barachi Monk began the quest for the Orb.
     0 | D:1      | Reached XP level 1. HP: 18/18 MP: 1/1
   321 | D:1      | Reached XP level 2. HP: 19/25 MP: 2/2
   347 | D:1      | Reached skill level 1 in Armour
   360 | D:1      | Reached XP level 3. HP: 10/30 MP: 3/3
  1375 | D:2      | Reached XP level 4. HP: 24/37 MP: 4/4
  2542 | D:3      | Reached XP level 5. HP: 28/43 MP: 5/5
  2784 | D:3      | Noticed djehuti's ghost (amateur HOMo)
  2795 | D:3      | Slain by djehuti's ghost

Vault maps used:
D:1:      lightli_molten_gateway, fountainhead, dk_noncrumbling_4, minmay_cupped
D:2:      serial_forest, infiniplex_forest_end_2,
          infiniplex_forest_clump_medium, infiniplex_forest_fountain,
          infiniplex_forest_lined_3, infiniplex_forest_split, first_ration

Skill      XL: |  1  2  3  4 |
---------------+-------------+-----
Armour         | 1 2 |  2.5
Fighting       | 4 |  4.6
Axes           | 4 |  4.2
Dodging        | 4 |  4.2
Stealth        | |  1.7

Action                   |  1- 3 |  4- 6 || total
-------------------------+-------+-------++-------
Melee: Hand axe          |   144 |    62 ||   206
       War axe           |       |    71 ||    71
  Eat: Ration            |     1 |       ||     1
       Chunk             |       |     3 ||     3
Armor: Robe              |     5 |       ||     5
       Scale mail        |    50 |    69 ||   119
Dodge: Dodged            |    86 |    97 ||   183

Table legend:
 A = Spawn XP
 B = Non-spawn XP
 C = Spawn XP percentage of total XP
 D = Spawn monster count
 E = Non-spawn monster count
 F = Spawn count percentage of total count
 G = Total turns spent on level
                    A         B        C        D         E        F      G
               +---------+---------+-------+---------+---------+-------+---------
         Total |       0 |     184 |   0.0 |       0 |      65 |   0.0 |  2795
               +---------+---------+-------+---------+---------+-------+---------
           D:1 |       0 |      79 |   0.0 |       0 |      27 |   0.0 |  1363
           D:2 |       0 |      69 |   0.0 |       0 |      29 |   0.0 |  1021
           D:3 |       0 |      36 |   0.0 |       0 |       9 |   0.0 |   411
               +---------+---------+-------+---------+---------+-------+---------
